 Dungeon Crawl Stone Soup version 0.21.1-1-g345015fe64 (webtiles) character file.

7756 Destragon the Cleaver (level 11, -4/94 HPs)
             Began as a Minotaur Fighter on July 14, 2018.
             Was a Believer of Trog.
             Slain by a merfolk
             ... wielding a +0 spear
              (14 damage)
             ... while paralysed
             ... on level 9 of the Dungeon on July 15, 2018.
             The game lasted 00:30:33 (6614 turns).

Destragon the Cleaver (Minotaur Fighter)            Turns: 6614, Time: 00:30:34

Health: -4/94      AC: 14    Str: 29    XL:     11   Next: 1%
Magic:  10/10      EV:  2    Int:  5    God:    Trog [**....]
Gold:   480        SH:  0    Dex: 10    Spells: 10/10 levels left

rFire    + . .     SeeInvis .   n - +1 hand axe (flame)
rCold    . . .     Gourm    .   c - +0 shield
rNeg     . . .     Faith    .   w - +1 chain mail {rF+}
rPois    .         Spirit   .   (helmet restricted)
rElec    .         Reflect  .   (no cloak)
rCorr    .         Harm     .   E - +0 pair of gloves
MR       .....                  (no boots)
Stlth    ..........             q - amulet of regeneration
HPRegen  0.65/turn              (no ring)
MPRegen  0.12/turn              (no ring)

@: paralysed, mighty, fainting
A: retaliatory headbutt, horns 2
a: Berserk, Trog's Hand, Burn Spellbooks, Renounce Religion


You were on level 9 of the Dungeon.
You worshipped Trog.
Trog was pleased with you.
You were fainting.

You visited 2 branches of the dungeon, and saw 10 of its levels.

You collected 480 gold pieces.

Inventory:

Hand Weapons
 a - a +0 flail
 n - a +1 hand axe of flaming (weapon)
 H - a +1 hunting sling of flaming
Missiles
 L - 64 stones (quivered)
Armour
 c - a +0 shield (worn)
 w - a +1 chain mail of fire resistance (worn)
 E - a +0 pair of gloves (worn)
Jewellery
 q - an amulet of regeneration (around neck)
 D - an uncursed amulet of guardian spirit
 N - the ring of the Shining Light {rElec rF+ MP-9 Int+4, unknown}
   (You found it on level 7 of the Dungeon)

   [ring of protection from fire]

   It affects your intelligence (+4).
   It protects you from fire.
   It insulates you from electricity.
   It affects your magic capacity (-9).
Wands
 B - a wand of paralysis (14)
 K - a wand of scattershot (5)
 O - a wand of enslavement (12)
Scrolls
 b - a scroll of random uselessness
 e - a scroll of amnesia
 g - a scroll of fog {unknown}
 h - 5 scrolls of teleportation
 j - 2 scrolls of enchant weapon {unknown}
 m - 2 scrolls of fear {unknown}
 o - 2 scrolls of remove curse {unknown}
 p - a scroll of blinking {unknown}
 u - 2 scrolls of noise {unknown}
 y - a scroll of magic mapping {unknown}
Potions
 d - a potion of might
 k - 2 potions of flight {unknown}
 l - 2 potions of heal wounds {unknown}
 r - a potion of curing {unknown}
 t - 5 potions of haste
 v - a potion of agility {unknown}
 x - 2 potions of brilliance {unknown}
 z - a potion of ambrosia {unknown}
 C - 3 potions of degeneration
 F - 3 potions of mutation {unknown}
 G - a potion of cancellation {unknown}
 J - 2 potions of berserk rage {unknown}
Books
 s - a book of Minor Magic

   Spells                             Type                      Level
   a - Magic Dart                     Conjuration                  1
   b - Blink                          Translocation                2
   c - Call Imp                       Summoning                    2
   d - Slow                           Hexes                        2
   e - Conjure Flame                  Conjuration/Fire             3
   f - Mephitic Cloud                 Conjuration/Poison/Air       3
   Trog disapproves of the use of such an item.
 A - a book of Cantrips

   Spells                             Type                      Level
   a - Confusing Touch                Hexes                        1
   b - Animate Skeleton               Necromancy                   1
   c - Summon Small Mammal            Summoning                    1
   d - Apportation                    Translocation                1
   Trog disapproves of the use of such an item.
 I - Thaumaturgy, Part One
   (You found it on level 6 of the Dungeon)

   Spells                             Type                      Level
   a - Magic Dart                     Conjuration                  1
   b - Freeze                         Ice                          1
   c - Animate Skeleton               Necromancy                   1
   d - Summon Small Mammal            Summoning                    1
   e - Apportation                    Translocation                1
   Trog disapproves of the use of such an item.
 M - a book of Callings

   Spells                             Type                      Level
   a - Summon Small Mammal            Summoning                    1
   b - Call Imp                       Summoning                    2
   c - Call Canine Familiar           Summoning                    3
   d - Summon Guardian Golem          Hexes/Summoning              3
   e - Summon Lightning Spire         Summoning/Air                4
   f - Summon Ice Beast               Ice/Summoning                4
   Trog disapproves of the use of such an item.
Comestibles
 f - 11 rations


   Skills:
 + Level 7.9 Fighting
 + Level 12.0(12.2) Axes
 + Level 3.8(8.7) Maces & Flails
 + Level 9.9 Armour
 + Level 3.6 Dodging
 + Level 0.7 Stealth
 + Level 10.6 Shields


You had 10 spell levels left.
You didn't know any spells.

Dungeon Overview and Level Annotations

Branches:
Dungeon (9/15)             Temple (1/1) D:7
   Lair: D:8-11         Orc: D:9-12

Altars:
Ashenzari
Dithmenos
Elyvilon
Gozag
Hepliaklqana
Kikubaaqudgha
Makhleb
Nemelex Xobeh
Okawaru
Sif Muna
Trog
Vehumet
Wu Jian
Xom
Yredelemnul
Zin

Shops:
D:7 (   D:8 *

Annotations:
D:9 2 transporters


Innate Abilities, Weirdness & Mutations

You reflexively headbutt those who attack you in melee.
You have a pair of horns on your head.


Message History

The merfolk is severely wounded.
The merfolk hits you but does no damage.
You hit the merfolk but do no damage.
The merfolk is severely wounded.
You slash the merfolk! You burn the merfolk.
The merfolk is almost dead.
You are fainting from starvation!
The merfolk hits you but does no damage.
You hit the merfolk. You burn the merfolk. Your headbutt misses the merfolk.
The merfolk is almost dead.
You lose consciousness!
The merfolk hits you with a spear!
* * * LOW HITPOINT WARNING * * *
The merfolk hits you but does no damage. x2
The merfolk hits you with a spear!
* * * LOW HITPOINT WARNING * * *
The merfolk hits you with a spear.
* * * LOW HITPOINT WARNING * * *
The merfolk hits you with a spear!
You die...

####### #.....# #######
#.###.# ###..)).# #.# #.#
##.m@###'### #.# #.#
#..###.....# ###.# #.#
##.##....W....# ....#
#.####(.#.$..?≈$h...# #####
#....(.##..o≈≈≈≈≈...#
########...O..≈{.....#
##############...O..≈:.....#
)(....)......#............$#
#)...........#.....}.?.[...#


You could see a merfolk.

Vanquished Creatures
  3 two-headed ogres
  Pikel (D:8)
  Psyche (D:8)
  A hippogriff (D:8)
  6 yaks (D:9)
  A wyvern (D:9)
  3 hungry ghosts
  Edmund (D:4)
  A water moccasin (D:9)
  2 sky beasts
  4 phantoms
  2 orc warriors
  A black bear (D:9)
  2 necrophages
  3 ogres
  A centaur (D:9)
  6 bullfrogs
  5 scorpions
  4 wights (D:9)
  2 howler monkeys (D:6)
  4 crimson imps
  3 hounds
  A jelly (D:9)
  4 orc priests
  2 centaur skeletons
  5 iguanas
  3 orc wizards
  7 worker ants
  A killer bee zombie (D:6)
  3 worker ant zombies
  8 adders
  2 howler monkey skeletons
  4 shadow imps
  5 oozes
  An adder zombie (D:6)
  A worm (D:4)
  2 dart slugs (D:1)
  4 leopard geckos
  29 orcs
  2 ball pythons
  7 bats
  4 giant cockroaches
  A hobgoblin (D:3)
  2 jackals (D:3)
  9 kobolds
  5 quokkas
  7 frilled lizards
  A giant cockroach zombie (D:5)
  7 goblins
  2 leopard gecko skeletons
  4 rats (D:1)
190 creatures vanquished.

Vanquished Creatures (others)
  A slave (D:8)
  A shadow imp (D:8)
  2 plants (D:9)
4 creatures vanquished.

Grand Total: 194 creatures vanquished

Notes
Turn   | Place    | Note
-------+----------+-------------------------------------------
     0 | D:1      | Destragon the Minotaur Fighter began the quest for the Orb.
     0 | D:1      | Reached XP level 1. HP: 19/19 MP: 0/0
   191 | D:1      | Reached XP level 2. HP: 27/27 MP: 1/1
   603 | D:2      | Found an ornate altar of the Wu Jian Council.
   636 | D:2      | Reached XP level 3. HP: 33/33 MP: 2/2
   825 | D:2      | Reached XP level 4. HP: 30/40 MP: 3/3
  1484 | D:3      | Found a burning altar of Makhleb.
  1633 | D:3      | Reached skill level 1 in Axes
  1829 | D:3      | Reached XP level 5. HP: 40/46 MP: 4/4
  2019 | D:4      | Reached skill level 2 in Axes
  2019 | D:4      | Reached skill level 1 in Dodging
  2039 | D:4      | Noticed an ogre
  2046 | D:4      | Reached skill level 5 in Armour
  2055 | D:4      | Killed an ogre
  2055 | D:4      | Reached skill level 3 in Axes
  2055 | D:4      | Reached skill level 5 in Shields
  2055 | D:4      | Reached XP level 6. HP: 45/52 MP: 5/5
  2071 | D:4      | Noticed Edmund
  2118 | D:4      | Killed Edmund
  2570 | D:5      | Entered Level 5 of the Dungeon
  2600 | D:5      | Reached skill level 4 in Axes
  2657 | D:5      | Found a sparkling altar of Nemelex Xobeh.
  2698 | D:5      | Found an iron altar of Okawaru.
  2721 | D:5      | Reached XP level 7. HP: 59/59 MP: 6/6
  3154 | D:5      | Reached skill level 5 in Axes
  3442 | D:6      | Noticed an angel
  3443 | D:6      | Found a glowing silver altar of Zin.
  3444 | D:6      | Found a shimmering altar of Xom.
  3467 | D:6      | Reached skill level 6 in Axes
  3467 | D:6      | Reached XP level 8. HP: 60/67 MP: 4/7
  3507 | D:6      | Identified Thaumaturgy, Part One
  3527 | D:6      | Reached skill level 5 in Fighting
  4144 | D:7      | Got a shimmering ivory ring
  4156 | D:7      | Found a staircase to the Ecumenical Temple.
  4176 | D:7      | Reached skill level 7 in Axes
  4339 | D:7      | Found a radiant altar of Vehumet.
  4682 | Temple   | Entered the Ecumenical Temple
  4688 | Temple   | Became a worshipper of Trog the Wrathful
  4818 | D:7      | Reached skill level 8 in Axes
  4982 | D:7      | Found Juetiu's Weapon Emporium.
  5076 | D:8      | Noticed a two-headed ogre
  5090 | D:8      | Killed a two-headed ogre
  5090 | D:8      | Reached XP level 9. HP: 56/75 MP: 8/8
  5156 | D:8      | Reached skill level 9 in Axes
  5226 | D:8      | Found Gozag's Platinum Reserve.
  5226 | D:8      | Found an opulent altar of Gozag.
  5361 | D:8      | Noticed Psyche
  5367 | D:8      | Killed Psyche
  5377 | D:8      | Paralysed by fainting for 5 turns
  5441 | D:8      | Noticed Pikel
  5456 | D:8      | Killed Pikel
  5456 | D:8      | Reached skill level 10 in Axes
  5486 | D:8      | Reached XP level 10. HP: 76/86 MP: 9/9
  5540 | D:8      | Reached * piety under Trog
  5625 | D:8      | Noticed a two-headed ogre
  5633 | D:8      | Killed a two-headed ogre
  6025 | D:9      | Found a transporter.
  6039 | D:9      | Found a shadowy altar of Dithmenos.
  6072 | D:9      | Noticed a two-headed ogre
  6072 | D:9      | Found a transporter.
  6267 | D:9      | Reached skill level 10 in Shields
  6271 | D:9      | Reached skill level 11 in Axes
  6317 | D:9      | Found a shattered altar of Ashenzari.
  6446 | D:9      | Reached ** piety under Trog
  6451 | D:9      | Noticed a two-headed ogre
  6477 | D:9      | Killed a two-headed ogre
  6529 | D:9      | Reached skill level 12 in Axes
  6538 | D:9      | Reached XP level 11. HP: 28/94 MP: 10/10
  6609 | D:9      | Paralysed by fainting for 9 turns
  6614 | D:9      | Slain by a merfolk

Skill      XL: |  1  2  3  4  5  6  7  8  9 10 |
---------------+-------------------------------+-----
Armour         | 4 5 6 7 8 9 |  9.9
Maces & Flails | 3 |  3.8
Shields        | 4 5 6 8 9 10 | 10.6
Axes           | 1 3 4 6 8 10 12 | 12.0
Fighting       | 4 6 7 |  7.9
Dodging        | 1 2 3 |  3.6
Stealth        | |  0.7

Action                   |  1- 3 |  4- 6 |  7- 9 | 10-12 || total
-------------------------+-------+-------+-------+-------++-------
Melee: Flail             |    41 |       |       |       ||    41
       Headbutt          |     8 |    21 |    57 |    60 ||   146
       Hand axe          |    42 |   127 |   319 |   257 ||   745
 Fire: Hunting sling     |       |       |       |     3 ||     3
  Use: Scroll            |       |     1 |     4 |       ||     5
       Potion            |       |       |       |     1 ||     1
  Eat: Chunk             |       |     6 |    11 |     3 ||    20
       Ration            |       |       |     1 |       ||     1
Armor: Scale mail        |    39 |    29 |       |       ||    68
       Chain mail        |       |    22 |   133 |    59 ||   214
Dodge: Dodged            |    23 |    29 |    73 |    50 ||   175
Block: Shield            |    46 |    74 |   161 |   100 ||   381
